General information
- name: BNet
- type: Ladder team game (AT/RT)
- host: Battle.net
- saver: Teamwork.
map: Cherryville
- players: 8
- length: 52:36
- speed: Fast
- version: 1.26 W3XP
- replay type: Public
» download(234 KB)
Players
team 1 (winner)

»
a_la_verga (
green | 67 APM | 1323 actions | 19:53)
3 Demon Hunter
2 Mana Burn
1 Evasion
2 Warden
1 Shadow Strike
1 Blink
» actions
| Assign group hotkey | 37 | |
| Basic commands | 161 | |
| Build / train | 55 | |
| ESC pressed | 16 | |
| Enter build submenu | 11 | |
| Enter hero's abilities submenu | 5 | |
| Right click | 264 | |
| Select / deselect | 350 | |
| Select group hotkey | 360 | |
| Use ability | 64 | |
1323 total
» units
| Wisp | 11 | |
| Huntress | 7 | |
| Hippogryph | 17 | |
35 total
» upgrades
» buildings
| Moon Well | 5 | |
| Altar of Elders | 1 | |
| Hunter's Hall | 1 | |
| Ancient of War | 1 | |
| Ancient of Wonders | 1 | |
| Tree of Ages | 1 | |
| Ancient of Wind | 2 | |
| Tree of Eternity | 1 | |
13 total
» build order
00:27 Moon Well
00:41 Altar of Elders
01:33 Hunter's Hall
01:57 Ancient of War
02:08 Ancient of Wonders
02:19 Moon Well
02:35 Moon Well
04:50 Tree of Ages
07:11 Moon Well
08:29 Ancient of Wind
08:30 Ancient of Wind
12:45 Moon Well
13:51 Tree of Eternity
» items
| Boots of Speed | 1 | |
| Staff of Teleportation | 1 | |
| Dust of Appearance | 2 | |
| Orb of Fire | 1 | |
| Orb of Venom | 4 | |
9 total
llSherLOCkll (
pink | 51 APM | 584 actions | 11:30)
2 Mountain King
1 Storm Bolt
1 Bash
» actions
| Basic commands | 107 | |
| Build / train | 36 | |
| Enter build submenu | 23 | |
| Enter hero's abilities submenu | 2 | |
| Right click | 223 | |
| Select / deselect | 160 | |
| Use ability | 33 | |
584 total
» units
| Peasant | 9 | |
| Footman | 10 | |
| Rifleman | 3 | |
| Sorceress | 2 | |
24 total
» upgrades
» buildings
| Lumber Mill | 2 | |
| Barracks | 2 | |
| Altar of Kings | 1 | |
| Farm | 6 | |
| Scout Tower | 3 | |
| Arcane Tower | 3 | |
| Keep | 1 | |
| Blacksmith | 1 | |
| Castle | 1 | |
| Arcane Sanctum | 2 | |
| Arcane Vault | 2 | |
24 total
» build order
00:28 Lumber Mill
00:30 Barracks
00:39 Altar of Kings
00:58 Farm
01:09 Farm
01:50 Farm
01:54 Scout Tower
02:29 Scout Tower
02:34 Farm
02:37 Arcane Tower
03:07 Arcane Tower
03:09 Farm
03:42 Scout Tower
05:11 Keep
05:16 Arcane Tower
05:18 Lumber Mill
06:42 Blacksmith
07:06 Barracks
07:32 Castle
08:09 Arcane Sanctum
08:17 Arcane Sanctum
08:24 Arcane Vault
08:29 Arcane Vault
10:07 Farm
» items
| Dust of Appearance | 2 | |
| Scroll of Town Portal | 1 | |
3 total

»
xiaotiao (
red | 65 APM | 1289 actions | 19:48)
3 Death Knight
2 Death Coil
1 Unholy Aura
» actions
| Assign group hotkey | 22 | |
| Basic commands | 86 | |
| Build / train | 57 | |
| ESC pressed | 2 | |
| Enter build submenu | 26 | |
| Enter hero's abilities submenu | 3 | |
| Remove unit from queue | 1 | |
| Right click | 432 | |
| Select / deselect | 285 | |
| Select group hotkey | 290 | |
| Use ability | 85 | |
1289 total
» units
| Acolyte | 12 | |
| Ghoul | 4 | |
| Crypt Fiend | 9 | |
25 total
» upgrades
» buildings
| Crypt | 2 | |
| Altar of Darkness | 1 | |
| Ziggurat | 8 | |
| Tomb of Relics | 1 | |
| Nerubian Tower | 7 | |
| Graveyard | 1 | |
| Spirit Tower | 3 | |
| Halls of the Dead | 1 | |
24 total
» build order
00:10 Crypt
00:20 Altar of Darkness
00:24 Ziggurat
01:15 Tomb of Relics
01:27 Nerubian Tower
01:27 Nerubian Tower
01:27 Nerubian Tower
02:10 Graveyard
02:54 Ziggurat
04:38 Spirit Tower
06:24 Ziggurat
06:36 Ziggurat
06:39 Ziggurat
06:50 Ziggurat
07:00 Ziggurat
08:54 Spirit Tower
08:56 Nerubian Tower
08:58 Spirit Tower
09:30 Nerubian Tower
14:37 Crypt
14:39 Halls of the Dead
16:36 Ziggurat
» items
| Rod of Necromancy | 6 | |
| Dust of Appearance | 3 | |
| Potion of Healing | 1 | |
10 total
Teamwork. (
orange | 95 APM | 5019 actions | 52:36)
10 Mountain King
3 Storm Bolt
3 Thunder Clap
1 Avatar
3 Bash
1 Death Knight
1 Unholy Aura
» actions
| Assign group hotkey | 127 | |
| Basic commands | 242 | |
| Build / train | 201 | |
| ESC pressed | 15 | |
| Enter build submenu | 57 | |
| Enter hero's abilities submenu | 11 | |
| Give item / drop item | 13 | |
| Right click | 1577 | |
| Select / deselect | 535 | |
| Select group hotkey | 1797 | |
| Use ability | 444 | |
5019 total
» units
| Peasant | 15 | |
| Footman | 4 | |
| Goblin Shredder | 5 | |
| Dragonhawk Rider | 14 | |
| Gryphon Rider | 3 | |
41 total
» upgrades
| Masonry | 3 | |
| Swords | 3 | |
| Animal War Training | 1 | |
| Armor | 3 | |
| Cloud | 1 | |
| Storm Hammers | 1 | |
| Lumber Harvesting | 2 | |
| Gunpowder | 3 | |
| Plating | 3 | |
| Magic Sentry | 1 | |
| Sorceress Training | 2 | |
| Backpack | 1 | |
| Long Rifles | 1 | |
| Defend | 1 | |
| Control Magic | 1 | |
| Priest Training | 1 | |
28 total
» buildings
| Altar of Kings | 1 | |
| Barracks | 1 | |
| Farm | 7 | |
| Scout Tower | 35 | |
| Lumber Mill | 1 | |
| Arcane Tower | 11 | |
| Guard Tower | 46 | |
| Arcane Vault | 1 | |
| Keep | 4 | |
| Gryphon Aviary | 4 | |
| Castle | 2 | |
| Blacksmith | 1 | |
| Town Hall | 7 | |
| Black Citadel | 5 | |
| Arcane Sanctum | 1 | |
127 total
» build order
00:50 Altar of Kings
00:52 Barracks
00:54 Farm
01:07 Farm
01:40 Farm
02:18 Scout Tower
02:19 Scout Tower
02:23 Scout Tower
02:26 Lumber Mill
02:45 Arcane Tower
02:45 Arcane Tower
02:46 Arcane Tower
02:59 Guard Tower
03:40 Arcane Vault
03:55 Keep
03:55 Keep
06:23 Gryphon Aviary
06:25 Gryphon Aviary
06:35 Castle
06:36 Castle
07:30 Farm
07:32 Farm
08:05 Farm
08:27 Blacksmith
10:21 Scout Tower
10:22 Scout Tower
10:23 Scout Tower
10:24 Scout Tower
11:06 Guard Tower
11:07 Guard Tower
11:07 Guard Tower
12:35 Guard Tower
13:34 Town Hall
14:31 Scout Tower
14:32 Scout Tower
14:34 Scout Tower
14:35 Scout Tower
14:37 Scout Tower
14:39 Scout Tower
14:41 Scout Tower
14:42 Scout Tower
15:07 Guard Tower
15:07 Guard Tower
15:07 Guard Tower
15:08 Guard Tower
15:08 Guard Tower
15:08 Guard Tower
15:14 Guard Tower
15:14 Guard Tower
15:15 Guard Tower
15:17 Guard Tower
15:17 Guard Tower
15:17 Guard Tower
16:38 Town Hall
17:25 Guard Tower
17:25 Guard Tower
17:26 Guard Tower
17:26 Guard Tower
17:26 Guard Tower
17:27 Guard Tower
17:47 Scout Tower
17:48 Scout Tower
17:49 Scout Tower
17:50 Scout Tower
17:51 Scout Tower
19:02 Guard Tower
19:02 Guard Tower
19:15 Gryphon Aviary
19:17 Gryphon Aviary
22:49 Black Citadel
22:49 Black Citadel
22:49 Black Citadel
25:19 Town Hall
25:34 Scout Tower
25:34 Scout Tower
25:35 Scout Tower
25:36 Scout Tower
25:38 Scout Tower
25:38 Scout Tower
25:40 Scout Tower
25:42 Scout Tower
26:10 Guard Tower
26:10 Guard Tower
27:34 Arcane Tower
27:34 Arcane Tower
27:34 Guard Tower
27:35 Guard Tower
30:45 Town Hall
30:49 Scout Tower
30:56 Arcane Sanctum
31:14 Town Hall
31:16 Scout Tower
32:19 Guard Tower
32:21 Arcane Tower
32:21 Arcane Tower
33:44 Scout Tower
33:45 Scout Tower
33:46 Scout Tower
33:47 Scout Tower
33:50 Scout Tower
34:26 Guard Tower
38:51 Farm
42:29 Town Hall
52:21 Town Hall
» items
| Scroll of Regeneration | 10 | |
| Boots of Speed | 1 | |
| Staff of Teleportation | 1 | |
| Periapt of Vitality | 1 | |
| Scroll of Town Portal | 6 | |
| Staff of Sanctuary | 1 | |
| Potion of Healing | 4 | |
| Potion of Mana | 1 | |
| Lesser Clarity Potion | 3 | |
28 total
team 2 (loser)
NaiLz7768 (
purple | 35 APM | 1845 actions | 52:36)
6 Blademaster
2 Wind Walk
3 Critical Strike
1 Bladestorm
4 Shadow Hunter
2 Healing Wave
2 Hex
» actions
| Assign group hotkey | 9 | |
| Basic commands | 17 | |
| Build / train | 92 | |
| ESC pressed | 12 | |
| Enter build submenu | 69 | |
| Enter hero's abilities submenu | 10 | |
| Give item / drop item | 3 | |
| Remove unit from queue | 1 | |
| Right click | 592 | |
| Select / deselect | 303 | |
| Select group hotkey | 589 | |
| Use ability | 147 | |
1845 total
» units
| Peon | 22 | |
| Wind Rider | 16 | |
| Goblin Shredder | 1 | |
| Kobold Geomancer | 1 | |
| Assassin | 1 | |
| Shaman | 3 | |
| Troll Batrider | 3 | |
| Goblin Sapper | 6 | |
53 total
» upgrades
| Ranged Weapons | 3 | |
| Armor | 3 | |
| Envenomed Spears | 1 | |
| Spiked Barricades | 4 | |
| Shaman Training | 2 | |
| Witch Doctor Training | 1 | |
| Reinforced Defenses | 1 | |
| Liquid Fire | 1 | |
16 total
» buildings
| Altar of Storms | 2 | |
| Orc Burrow | 8 | |
| Voodoo Lounge | 1 | |
| Stronghold | 1 | |
| War Mill | 1 | |
| Beastiary | 3 | |
| Watch Tower | 42 | |
| Great Hall | 8 | |
| Fortress | 1 | |
| Spirit Lodge | 2 | |
69 total
» build order
00:12 Altar of Storms
00:17 Orc Burrow
01:09 Voodoo Lounge
01:56 Stronghold
02:25 Orc Burrow
02:46 War Mill
03:05 Orc Burrow
04:22 Beastiary
04:26 Beastiary
05:48 Orc Burrow
06:48 Watch Tower
07:54 Great Hall
09:30 Fortress
10:38 Watch Tower
10:45 Orc Burrow
11:29 Orc Burrow
12:37 Watch Tower
12:40 Watch Tower
12:48 Beastiary
16:21 Spirit Lodge
16:24 Spirit Lodge
16:43 Great Hall
18:01 Watch Tower
18:03 Watch Tower
18:50 Great Hall
19:25 Watch Tower
19:32 Watch Tower
20:22 Orc Burrow
20:35 Watch Tower
20:43 Watch Tower
22:35 Watch Tower
22:44 Watch Tower
22:52 Watch Tower
23:10 Great Hall
23:15 Watch Tower
23:17 Watch Tower
23:19 Watch Tower
23:21 Watch Tower
23:23 Watch Tower
23:44 Watch Tower
24:52 Great Hall
25:22 Great Hall
25:55 Orc Burrow
26:02 Watch Tower
26:03 Watch Tower
26:03 Watch Tower
26:04 Watch Tower
27:25 Watch Tower
27:31 Watch Tower
27:33 Watch Tower
28:12 Watch Tower
28:14 Watch Tower
28:57 Watch Tower
29:09 Watch Tower
29:11 Watch Tower
30:42 Watch Tower
30:44 Watch Tower
31:02 Watch Tower
31:17 Altar of Storms
31:32 Watch Tower
32:14 Watch Tower
32:17 Watch Tower
34:15 Watch Tower
34:21 Watch Tower
34:24 Watch Tower
35:23 Watch Tower
35:28 Watch Tower
38:49 Great Hall
39:17 Great Hall
» items
| Healing Salve | 2 | |
| Scroll of Town Portal | 5 | |
| Orb of Lightning | 1 | |
| Lesser Clarity Potion | 1 | |
9 total
Baskee (
teal | 40 APM | 521 actions | 12:55)
2 Blademaster
1 Wind Walk
1 Critical Strike
» actions
| Build / train | 21 | |
| Enter build submenu | 9 | |
| Enter hero's abilities submenu | 2 | |
| Right click | 267 | |
| Select / deselect | 184 | |
| Use ability | 38 | |
521 total
» units
» upgrades
» buildings
| Altar of Storms | 1 | |
| Orc Burrow | 2 | |
| Voodoo Lounge | 2 | |
| Barracks | 1 | |
| War Mill | 1 | |
| Stronghold | 1 | |
8 total
» build order
00:08 Altar of Storms
00:09 Orc Burrow
00:43 Voodoo Lounge
00:52 Barracks
01:34 Orc Burrow
01:52 Voodoo Lounge
02:11 War Mill
03:04 Stronghold

»
tomha (
yellow | 32 APM | 1010 actions | 31:18)
6 Blademaster
1 Wind Walk
2 Critical Strike
3 Mirror Image
» actions
| Assign group hotkey | 32 | |
| Basic commands | 4 | |
| Build / train | 85 | |
| Enter build submenu | 34 | |
| Enter hero's abilities submenu | 5 | |
| Give item / drop item | 6 | |
| Right click | 433 | |
| Select / deselect | 326 | |
| Select group hotkey | 12 | |
| Use ability | 73 | |
1010 total
» units
| Peon | 17 | |
| Grunt | 1 | |
| Troll Headhunter/Berserker | 7 | |
| Wind Rider | 32 | |
| Troll Batrider | 1 | |
| Goblin Shredder | 1 | |
59 total
» upgrades
| Envenomed Spears | 1 | |
| Liquid Fire | 1 | |
2 total
» buildings
| Orc Burrow | 7 | |
| Altar of Storms | 1 | |
| Voodoo Lounge | 1 | |
| Barracks | 1 | |
| War Mill | 1 | |
| Stronghold | 1 | |
| Beastiary | 3 | |
| Fortress | 1 | |
| Great Hall | 2 | |
| Watch Tower | 15 | |
33 total
» build order
00:24 Orc Burrow
00:39 Altar of Storms
01:22 Orc Burrow
01:28 Voodoo Lounge
02:05 Barracks
02:11 War Mill
03:05 Stronghold
04:10 Orc Burrow
05:31 Beastiary
05:35 Beastiary
05:41 Orc Burrow
06:26 Fortress
07:47 Great Hall
09:07 Orc Burrow
10:10 Watch Tower
10:16 Orc Burrow
11:44 Watch Tower
11:47 Watch Tower
12:29 Watch Tower
12:31 Watch Tower
12:57 Watch Tower
13:25 Watch Tower
14:13 Watch Tower
14:21 Watch Tower
14:24 Watch Tower
14:36 Beastiary
16:42 Orc Burrow
17:04 Watch Tower
19:29 Watch Tower
19:37 Watch Tower
20:46 Watch Tower
20:49 Watch Tower
24:49 Great Hall
» items
| Healing Salve | 7 | |
| Lesser Clarity Potion | 5 | |
| Orb of Lightning | 1 | |
| Potion of Healing | 1 | |
| Scroll of Town Portal | 1 | |
15 total
GummyBear (
blue | 34 APM | 1792 actions | 52:36)
7 Blademaster
3 Wind Walk
3 Critical Strike
1 Bladestorm
» actions
| Assign group hotkey | 30 | |
| Basic commands | 259 | |
| Build / train | 73 | |
| Enter build submenu | 33 | |
| Enter hero's abilities submenu | 7 | |
| Give item / drop item | 7 | |
| Right click | 668 | |
| Select / deselect | 349 | |
| Select group hotkey | 245 | |
| Use ability | 121 | |
1792 total
» units
| Peon | 10 | |
| Grunt | 4 | |
| Goblin Shredder | 1 | |
| Wind Rider | 9 | |
| Troll Batrider | 6 | |
| Goblin Sapper | 7 | |
| Demolisher | 2 | |
39 total
» upgrades
| Ranged Weapons | 3 | |
| Armor | 3 | |
| Reinforced Defenses | 1 | |
| Envenomed Spears | 1 | |
| Liquid Fire | 1 | |
| Burning Oil | 1 | |
10 total
» buildings
| Orc Burrow | 7 | |
| Altar of Storms | 1 | |
| Barracks | 6 | |
| Voodoo Lounge | 1 | |
| Stronghold | 1 | |
| War Mill | 1 | |
| Great Hall | 2 | |
| Beastiary | 4 | |
| Watch Tower | 12 | |
| Fortress | 1 | |
36 total
» build order
00:11 Orc Burrow
00:52 Altar of Storms
00:53 Barracks
01:07 Barracks
01:22 Orc Burrow
02:01 Voodoo Lounge
03:13 Stronghold
03:42 War Mill
04:31 Orc Burrow
05:05 Great Hall
05:43 Beastiary
05:45 Beastiary
06:03 Orc Burrow
06:52 Watch Tower
06:55 Watch Tower
06:59 Watch Tower
07:39 Orc Burrow
08:12 Watch Tower
09:30 Watch Tower
09:31 Watch Tower
09:31 Watch Tower
11:37 Fortress
17:02 Great Hall
17:06 Watch Tower
17:06 Watch Tower
17:07 Watch Tower
17:07 Watch Tower
17:07 Watch Tower
17:17 Orc Burrow
17:29 Beastiary
17:31 Beastiary
32:14 Barracks
32:18 Barracks
32:22 Barracks
32:29 Barracks
44:46 Orc Burrow
» items
| Healing Salve | 6 | |
| Scroll of Town Portal | 2 | |
| Lesser Clarity Potion | 2 | |
| Potion of Healing | 1 | |
| Potion of Mana | 1 | |
| Periapt of Vitality | 1 | |
| Staff of Teleportation | 1 | |
14 total
Chat log
(00:04 / Allies) xiaotiao: they have three orcs
(00:07 / Allies) llSherLOCkll: joy
(00:14 / Allies) llSherLOCkll: towers everyone
(00:18 / Allies) a_la_verga: rush?
(00:34 / Allies) a_la_verga: ?
(00:41 / Allies) llSherLOCkll: k
(00:44 / Allies) xiaotiao: im down to anything
(00:49 / Allies) xiaotiao: so are rushing?
(00:59 / Allies) a_la_verga: sure
(01:02 / Allies) Teamwork.: I'd prefer not to but I can if you all want
(01:04 / Allies) Teamwork.: since 3 orcs
(01:07 / Allies) xiaotiao: k
(01:09 / Allies) xiaotiao: k
(01:17 / All) GummyBear: I'm discombobulated right now
(01:18 / Allies) llSherLOCkll: so/?
(01:22 / Allies) xiaotiao: i will mass fiends
(01:23 / Allies) xiaotiao: rush
(01:26 / Allies) Teamwork.: Hit here when we do
(03:27 / All) GummyBear: I'm "dum"
(04:45 / Allies) llSherLOCkll: shit
(04:52 / Allies) Teamwork.: kill teal at least, an eye for an eye
(05:02 / Allies) xiaotiao: get main
(05:04 / Allies) xiaotiao: get main
(05:12 / All) Baskee: plz get the main abse
(05:30 / Allies) llSherLOCkll: tp
(05:43 / Allies) xiaotiao: tp
(05:43 / Allies) xiaotiao: tp
(05:44 / Allies) xiaotiao: top
(05:45 / Allies) xiaotiao: tp
(06:31 / Allies) xiaotiao: 100 gold
(06:32 / Allies) xiaotiao: plz
(06:43 / Allies) a_la_verga: more?
(06:47 / Allies) xiaotiao: enough
(07:11 / Allies) xiaotiao: ;let go orc again
(07:25 / Allies) xiaotiao: 100
(07:36 / Allies) xiaotiao: 100
(07:45 / Allies) xiaotiao: i for got gold mine
(08:43 / Allies) xiaotiao: money for tower
(08:52 / All) Baskee: lmao
(08:55 / All) Baskee: leaves his units to die
(09:04 / All) GummyBear: because I could save them
(10:33 / Allies) llSherLOCkll: tp please
(10:33 / Allies) llSherLOCkll: oj
(10:38 / All) Baskee: gg
(10:40 / Allies) xiaotiao: tp
(10:40 / Allies) xiaotiao: tp
(10:41 / Allies) xiaotiao: tp
(10:44 / Allies) a_la_verga: no aa
(10:45 / Allies) Teamwork.: 1 sec
(11:04 / Allies) Teamwork.: I can't take that myself
(11:16 / Allies) xiaotiao: 100?
(11:48 / All) Teamwork.: Eat shit
(11:53 / All) Baskee: gg noob leave
(12:00 / All) Teamwork.: You are the noob who lost your hero for free
(12:09 / Allies) xiaotiao: gogogo
(12:10 / All) Baskee: that made alot of sense
(12:16 / All) xiaotiao: dont cry orcs
(12:24 / All) xiaotiao: lol
(12:27 / All) xiaotiao: why tp
(12:35 / All) xiaotiao: i thought it was gg
(12:51 / All) Baskee: this wud take forever
(12:53 / All) Baskee: im out
(12:57 / All) xiaotiao: lol
(12:58 / All) Teamwork.: owned
(13:02 / All) NaiLz7768: LOL
(13:11 / Allies) Teamwork.: I'm going to their expo
(13:26 / Allies) a_la_verga: fuck you noob
(13:31 / Allies) a_la_verga: noob
(14:10 / All) GummyBear: my regen is fucking crazy
(14:15 / All) GummyBear: it's like a fountain of health
(16:15 / Allies) xiaotiao: shaire gold human
(16:29 / Allies) xiaotiao: share gold human thx
(16:42 / Allies) Teamwork.: I have none to spare
(16:51 / Allies) xiaotiao: k
(17:50 / Allies) xiaotiao: coming ne
(17:51 / Allies) xiaotiao: dont leave
(18:56 / Allies) a_la_verga: fuck you
(19:27 / Allies) xiaotiao: human
(19:30 / Allies) xiaotiao: come help
(19:47 / Allies) xiaotiao: ...
(22:23 / All) Teamwork.: RAPED
(26:01 / All) Teamwork.: Eat shit
(26:37 / All) Teamwork.: lol
(27:14 / All) Teamwork.: Level 10
(27:17 / All) Teamwork.: What level is your hero yellow?
(27:19 / All) Teamwork.: oh, you don't have one
(27:40 / All) GummyBear: yellow can't even kill an expo
(28:04 / All) Teamwork.: He's one of the easiest orcs to beat I've ever played
(28:13 / All) Teamwork.: His bm was just free kill to my MK
(28:41 / All) GummyBear: You can run but you CAN'T HIDE!
(31:32 / All) GummyBear: stop my bullying purple
(31:35 / All) GummyBear: Can you|?
(34:00 / All) GummyBear: lol
(35:59 / All) Teamwork.: didn't get 1 hawk
(36:00 / All) Teamwork.: lol
(40:02 / All) Teamwork.: Purple
(40:08 / All) Teamwork.: Do you really think that bm will live long?
(40:17 / All) Teamwork.: God dammit I wanted to get that
(40:17 / All) GummyBear: Et tu, Brute?
(40:26 / All) Teamwork.: ET TU, MI PUER?
(40:37 / All) Teamwork.: QUID HOC? VIM CÆSAR?
(41:06 / All) GummyBear: What's this? Violence against Caesar?
(41:19 / All) Teamwork.: I beat you to that line in Latin lawl
(42:08 / All) NaiLz7768: such skill blew
(42:10 / All) GummyBear: the last refuge of a beaten man
(42:14 / All) Teamwork.: He isn't a man
(42:16 / All) Teamwork.: He's a boy
(42:22 / All) GummyBear: such skill blew? What does it mean?
(43:00 / All) NaiLz7768: leave blew
(43:03 / All) NaiLz7768: u lost
(43:09 / All) GummyBear: LOL
(43:12 / All) Teamwork.: I think he means blue
(43:16 / All) GummyBear: Captain Obvious to the rescue
(43:29 / All) NaiLz7768: blew sucks can't even win a game
(43:38 / All) GummyBear: You're not gonna win either
(43:40 / All) Teamwork.: Are you fucking retarded, why are you saying blew instead of blue?
(43:43 / All) Teamwork.: The word is blue pal
(43:49 / All) GummyBear: we equal sucks purplew
(44:00 / All) GummyBear: pur; plew*
(44:04 / All) NaiLz7768: blew sucks
(44:08 / All) GummyBear: ni;gau fappot
(44:11 / All) Teamwork.: Purple blew
(44:12 / All) NaiLz7768: leave blew
(44:27 / All) GummyBear: i wish you bad luck for the rest of this year noob
(44:37 / All) NaiLz7768: suck it blew u lost
(44:42 / All) GummyBear: so did you
(44:56 / All) NaiLz7768: u lost blew
(45:03 / All) NaiLz7768: blew = no skills
(45:17 / All) Teamwork.: Purple blew at this game
(45:21 / All) NaiLz7768: poor blew
(45:22 / All) Teamwork.: He sucked really bad
(45:29 / All) Teamwork.: It was a poor blew
(45:36 / All) NaiLz7768: oj too much for you blew
(45:38 / All) GummyBear: uninstall purplew
(45:43 / All) NaiLz7768: scared to lose so u bs lol
(45:49 / All) GummyBear: heh
(45:54 / All) NaiLz7768: fucking blew
(46:01 / All) Teamwork.: You really fucking blew
(46:04 / All) GummyBear: This game was rigged from the start
(46:12 / All) NaiLz7768: blew is at lower mine take his last burrow FTW
(46:21 / All) NaiLz7768: gg blew
(46:27 / All) Teamwork.: From where you're kneeling it must look like a 16-karat turn of bad luck, but the truth is the game was rigged from the start
(46:36 / All) NaiLz7768: oj too much for uy blew
(46:46 / All) NaiLz7768: blew had no chance
(46:52 / All) Teamwork.: lol
(46:58 / All) Teamwork.: This "blew" is cracking me up
(47:00 / All) NaiLz7768: poor blew
(47:01 / All) GummyBear: Me and ol' orange we're comrades, ya dig? You were doomed from the start, capiche?
(47:10 / All) NaiLz7768: yeah excuses
(47:12 / All) NaiLz7768: blew
(47:19 / All) NaiLz7768: fucking pathetic
(47:30 / All) NaiLz7768: take ur loss blew u suck and you deserve
(47:32 / All) NaiLz7768: no leave blew
(47:35 / All) GummyBear: What's your IQ, if I had guess any amount of money I'd put 10 American dollars on sub 70
(47:42 / All) NaiLz7768: time to lose BLEW
(47:53 / All) NaiLz7768: LOL BLEW DEFENDING HIS ONE BURROW
(47:54 / All) Teamwork.: Purple
(47:57 / All) Teamwork.: Blew means to blow
(48:05 / All) NaiLz7768: FITS, DOESN'T IT
(48:06 / All) Teamwork.: Blue means the colour
(48:13 / All) NaiLz7768: COLOR NOOB
(48:18 / All) NaiLz7768: THIS IS AMERICA
(48:24 / All) Teamwork.: This is Azeroth
(48:25 / All) NaiLz7768: NOT FRENCH FAGS LIKE BLEW
(48:30 / All) GummyBear: Purplew is dumber than the average coon
(48:31 / All) NaiLz7768: US EAST BLEW
(48:40 / All) NaiLz7768: LOSE BLEW
(48:45 / All) Teamwork.: French?
(48:46 / All) NaiLz7768: U CAN'T IN
(48:53 / All) Teamwork.: What does France have to do with the British spelling of colour?
(48:57 / All) NaiLz7768: BLEW
(49:01 / All) GummyBear: Purple are you a stupid nigger?
(49:07 / All) NaiLz7768: POOR BLEW
(49:20 / All) GummyBear: ah jeez there goes my 0-0 account
(49:24 / All) GummyBear: I'll have to get a new one
(49:30 / All) NaiLz7768: LOL BLEW HAS 15K GOLD AND COULDNT WIN LOL
(49:38 / All) Teamwork.: BLUE
(49:39 / All) NaiLz7768: HOW FUCKING SAD ARE YOU BLEW
(49:39 / All) Teamwork.: FUCK
(49:42 / All) GummyBear: Actually I have only 14,952 gold
(49:49 / All) NaiLz7768: ROUND UP BLEW
(49:53 / All) Teamwork.: I have 34,000 gold and growing
(49:54 / All) NaiLz7768: STAY IS SCHOOL KID
(50:06 / All) NaiLz7768: LOSE BLEW
(50:07 / All) GummyBear: 14.952k gold
(50:09 / All) GummyBear: Be specific
(50:21 / All) NaiLz7768: SUCK MY SPECIFIC
(50:23 / All) NaiLz7768: BLEW
(50:43 / All) Teamwork.: You are the one saying "blew" repeatedly do you have something on the mind?
(50:47 / All) Teamwork.: Did it maybe happen to you a lot?
(50:53 / All) NaiLz7768: YES BLEW WILL BLOW ME LATER
(50:56 / All) NaiLz7768: HE PROMISED
(50:57 / All) Teamwork.: and so you say it now instinctively in place of other words like a speech impediment?
(51:08 / All) Teamwork.: Were you molested as a child?
(51:13 / All) NaiLz7768: BLEW WAS
(51:17 / All) Teamwork.: Why do you have such liberal use of the word blew?
(51:20 / All) GummyBear: Let's put this gold to good use
(51:35 / All) NaiLz7768: K BYE AFK LOSE BLEW CYA
(51:47 / All) Teamwork.: His dad must have been grabbing him away to make him blow again
(51:53 / All) GummyBear: Purple is the worst player I've ever seen on bnet